 Dungeon Crawl Stone Soup version 0.26-a0-800-g517d6fe (webtiles) character file.

Game seed: 15477992459524992785

2498 MrTaco21 the Basher (level 9, -8/52 HPs)
             Began as a Gargoyle Fighter on Nov 11, 2020.
             Mangled by an orc warrior
             ... wielding a +0 dire flail
              (13 damage)
             ... on level 9 of the Dungeon.
             The game lasted 00:11:56 (6935 turns).

MrTaco21 the Basher (Gargoyle Fighter)              Turns: 6935, Time: 00:11:56

Health: -8/52      AC: 15    Str: 22    XL:     9   Next: 52%
Magic:  9/9        EV:  7    Int: 10    God:
Gold:   457        SH:  9    Dex:  9    Spells: 8/8 levels left

rFire    . . .     SeeInvis .   C - +2 whip (vamp) {!w}
rCold    . . .     Faith    .   c - +0 kite shield
rNeg     + . .     Spirit   .   b - +0 scale mail
rPois    ∞         Reflect  .   x - +0 helmet
rElec    +         Harm     .   (no cloak)
rCorr    +         Rampage  .   a - +0 pair of gloves
MR       +....                  (no boots)
Stlth    ..........             e - amulet of regeneration
HPRegen  0.57/turn              l - ring of protection from magic
MPRegen  0.11/turn              B - ring of resist corrosion

@: no status effects
A: negative energy resistance 1, electricity resistance, unbreathing,
petrification resistance, rot immunity, AC +6
a: no special abilities


You were on level 9 of the Dungeon.
You visited 2 branches of the dungeon, and saw 10 of its levels.
You also visited: Ossuary.

You collected 517 gold pieces.
You spent 60 gold pieces at shops.

Inventory:

Hand Weapons
 C - a +2 vampiric whip (weapon) {!w}
   (You took it off an orc priest on level 7 of the Dungeon)
Missiles
 H - 15 poisoned darts (quivered)
Armour
 a - a +0 pair of gloves (worn)
   (You found it on level 3 of the Dungeon)
 b - a +0 scale mail (worn)
 c - a +0 kite shield (worn)
 x - a +0 helmet (worn)
   (You found it on level 6 of the Dungeon)
Jewellery
 e - an amulet of regeneration (around neck)
   (You found it on level 1 of the Dungeon)
 l - a ring of protection from magic (left hand)
   (You found it on level 6 of the Dungeon)
 n - an uncursed ring of flight
   (You found it on level 1 of the Dungeon)
 B - a ring of resist corrosion (right hand)
   (You found it on level 1 of the Dungeon)
Wands
 d - a wand of iceblast (9)
   (You found it on level 7 of the Dungeon)
 t - a wand of flame (16)
   (You took it off a hobgoblin on level 7 of the Dungeon)
 u - a wand of paralysis (9)
   (You found it on level 7 of the Dungeon)
Scrolls
 f - 7 scrolls of remove curse {@r2}
 h - 5 scrolls of magic mapping
 j - a scroll of identify {@r1}
 q - 3 scrolls of fear
 v - 4 scrolls of immolation {!r}
 w - 6 scrolls of teleportation {@r4}
 y - 5 scrolls of fog
 A - 2 scrolls of enchant weapon
 D - a scroll of acquirement {unknown}
 E - 2 scrolls of blinking
 F - 2 scrolls of amnesia {unknown}
Potions
 g - 2 potions of invisibility {unknown}
 i - 6 potions of curing {@q1}
 k - 3 potions of berserk rage
 m - 3 potions of heal wounds {unknown}
 o - 3 potions of ambrosia
 p - 5 potions of haste {@q3}
 r - 3 potions of attraction {!q}
 s - a potion of lignification {unknown}
 z - a potion of degeneration {unknown}
 G - a potion of flight {unknown}
 I - 2 potions of might
 J - 2 potions of brilliance {unknown}


   Skills:
 + Level 4.1 Fighting
 - Level 12.0 Maces & Flails
 - Level 3.2 Armour
 + Level 4.4 Shields


You had 8 spell levels left.
You didn't know any spells.
Your spell library contained the following spells:

 Spells                   Type           Power        Failure   Level
 Confusing Touch          Hex            #.......     100%        3
 Gell's Gravitas          Tloc           #.........   100%        3
 Petrify                  Tmut/Erth      #.......     100%        4
 Metabolic Englaciation   Hex/Ice        #.........   100%        5
 Yara's Violent Unravell  Hex/Tmut       #.........   100%        5


Dungeon Overview and Level Annotations

Branches:
Dungeon (9/15)             Temple (1/1) D:6         Ossuary (visited)
   Lair: D:8-11         Orc: D:9-12

Altars:
Ashenzari
Cheibriados
Dithmenos
Elyvilon
Fedhas
Gozag
Hepliaklqana
Kikubaaqudgha
Makhleb
Nemelex Xobeh
Okawaru
Qazlal
Ru
Sif Muna
Trog
Uskayaw
Vehumet
Wu Jian
Xom
Yredelemnul
Zin
The Shining One

Shops:
D:5 :   D:6 ?*


Innate Abilities, Weirdness & Mutations

You are resistant to torment.
Your stone body is resilient. (AC +6)
You are immune to poison.
You resist negative energy. (rN+)
You are resistant to electric shocks. (rElec)
You can survive without breathing.
You are immune to petrification.
You are immune to rotting.


Message History

No target in view!
No target in view!
No target in view!
No target in view!
No target in view!
No target in view!
No target in view!
No target in view!
No target in view!
No target in view!
You start resting.
There is a stone staircase leading up here.
You climb upwards.
The orc warrior hits you with a +0 dire flail!
The orc hits you but does no damage. You block the orc warrior's attack.
There is a stone staircase leading down here.
You block the orc warrior's attack.
You climb downwards.
There is a stone staircase leading up here.
You hit the orc warrior. You block the orc's attack.
You barely miss the orc warrior. You block the orc's attack.
The orc warrior hits you with a +0 dire flail!!
You hit the orc warrior but do no damage.
You block the orc's attack. x2
You barely miss the orc warrior. You block the orc warrior's attack.
You hit the orc warrior but do no damage.
The orc hits you but does no damage. x2
You hit the orc warrior.
The orc warrior hits you with a +0 dire flail!
* * * LOW HITPOINT WARNING * * *
You barely miss the orc warrior. You block the orc's attack.
The orc hits you but does no damage.
You hit the orc warrior.
You feel better.
The orc warrior hits you with a +0 dire flail!
* * * LOW HITPOINT WARNING * * *
Unknown command.
You closely miss the orc warrior. The orc hits you but does no damage. x2
Unknown command.
You barely miss the orc warrior. The orc warrior barely misses you.
You hit the orc warrior. The orc hits you but does no damage. x2
Unknown command.
Unknown command.
Your shield and scale mail prevent you from hitting the orc warrior.
You block the orc warrior's attack.
You hit the orc warrior but do no damage.
The orc hits you but does no damage. The orc hits you with a +0 club.
* * * LOW HITPOINT WARNING * * *
Unknown command.
The orc warrior hits you with a +0 dire flail!
You die...

....########
........$....
.....(......
...........
#..........
#.......[..
#†.........
#.oo.......
#.<@.......
......o#########
######. #. #. #.
#. #.


You could see an orc warrior and 2 orcs.

Vanquished Creatures
  A wraith (Ossuary)
  Duvessa (D:4)
  2 ice beasts
  2 orc warriors (D:8)
  A sky beast (D:8)
  2 centaurs
  2 ogres
  3 bullfrogs
  Dowan (D:4)
  5 wights
  2 bullfrog zombies
  4 jellies
  3 hounds
  4 orc priests
  2 bullfrog skeletons
  2 centaur skeletons
  3 orc wizards
  2 iguanas
  3 worker ants
  3 mummies (Ossuary)
  10 adders
  A shadow imp (D:5)
  3 white imps
  3 worms
  A dart slug (D:1)
  3 leopard geckos
  33 orcs
  4 giant cockroaches
  A gnoll zombie (Ossuary)
  13 hobgoblins
  11 jackals
  A ball python (D:3)
  7 bats
  2 frilled lizards
  4 goblins
  A goblin zombie (Ossuary)
  4 hobgoblin zombies (Ossuary)
  4 kobolds
  4 kobold zombies (Ossuary)
  A leopard gecko skeleton (D:4)
  A leopard gecko zombie (D:5)
  2 orc zombies (Ossuary)
  3 quokka skeletons
  6 rats
171 creatures vanquished.

Notes
Turn   | Place    | Note
-------+----------+-------------------------------------------
     0 | D:1      | MrTaco21 the Gargoyle Fighter began the quest for the Orb.
     0 | D:1      | Reached XP level 1. HP: 14/14 MP: 1/1
   300 | D:1      | Reached XP level 2. HP: 19/19 MP: 2/2
   437 | D:1      | Reached skill level 3 in Maces & Flails
   908 | D:2      | Reached XP level 3. HP: 22/23 MP: 3/3
  1036 | D:2      | Found a glowing silver altar of Zin.
  1159 | D:2      | Reached skill level 4 in Maces & Flails
  1443 | D:2      | Found a shadowy altar of Dithmenos.
  1548 | D:3      | Reached XP level 4. HP: 28/28 MP: 4/4
  1658 | D:3      | Found a glowing golden altar of the Shining One.
  1893 | D:3      | Reached skill level 5 in Maces & Flails
  1893 | D:3      | Reached XP level 5. HP: 26/32 MP: 5/5
  1974 | D:4      | Reached skill level 6 in Maces & Flails
  1974 | D:4      | Reached XP level 6. HP: 37/37 MP: 6/6
  2515 | D:4      | Noticed Duvessa
  2516 | D:4      | Noticed Dowan
  2579 | D:4      | Killed Duvessa
  2579 | D:4      | Reached skill level 7 in Maces & Flails
  2579 | D:4      | Reached XP level 7. HP: 30/41 MP: 7/7
  2583 | D:4      | HP: 2/41 [Dowan/shard of ice (15)]
  2594 | D:4      | Killed Dowan
  2979 | D:4      | Reached skill level 8 in Maces & Flails
  3217 | D:4      | Found a sparkling altar of Nemelex Xobeh.
  3361 | D:5      | Entered Level 5 of the Dungeon
  3507 | D:5      | Reached skill level 9 in Maces & Flails
  3507 | D:5      | Reached XP level 8. HP: 40/46 MP: 8/8
  3858 | D:5      | Found Tyesedd's Book Shop.
  3884 | D:5      | Found a hide-covered altar of Uskayaw.
  3884 | D:5      | Noticed a +0 hand axe
  3884 | D:5      | Noticed a +0 dagger
  3998 | D:5      | Found a basalt altar of Yredelemnul.
  4328 | D:6      | Reached skill level 10 in Maces & Flails
  4534 | D:6      | Found Yrphex's Magic Scroll Boutique.
  4670 | D:6      | Found Tatuniv's Serpentskin Sales.
  4707 | D:6      | Found a staircase to the Ecumenical Temple.
  4722 | Temple   | Entered the Ecumenical Temple
  5059 | D:6      | Found a bloodstained altar of Trog.
  5157 | D:6      | Bought a scroll of identify for 24 gold pieces
  5157 | D:6      | Bought a scroll of remove curse for 36 gold pieces
  5175 | D:7      | Reached skill level 11 in Maces & Flails
  5226 | D:7      | Found a sand-covered staircase.
  5233 | Ossuary  | Entered an ossuary
  5233 | Ossuary  | Noticed a wraith
  5233 | Ossuary  | Noticed a wraith
  5233 | Ossuary  | Noticed a wraith
  5314 | Ossuary  | Noticed a wraith
  5349 | Ossuary  | Killed a wraith
  5349 | Ossuary  | Reached XP level 9. HP: 20/51 MP: 9/9
  5718 | D:7      | Found a radiant altar of Vehumet.
  6309 | D:8      | Found a broken altar of Ashenzari.
  6345 | D:8      | Found a shimmering altar of Xom.
  6489 | D:8      | Found an iron altar of Okawaru.
  6505 | D:8      | Reached skill level 12 in Maces & Flails
  6574 | D:8      | Found a blossoming altar of Fedhas.
  6712 | D:8      | Found a hazy altar of Hepliaklqana.
  6935 | D:9      | Mangled by an orc warrior

Illustrated notes

Levels and vault maps discovered:
D:1:      dpeg_arrival_three_same_balls, layout_basic
D:2:      layout_basic, lemuel_crystal_altar, nicolae_overflow_hidden_temple
D:3:      layout_basic, tso_metal_star
D:4:      layout_basic, overflow_temple_1_default, uniq_duvessa
D:5:      layout_gridville, dancing_weapons_uskayaw, basic_altar, serial_shops,
          shop
D:6:      layout_cave_pools, marbit_many_paths, minmay_temple_entry_hall,
          serial_shops, shop, guppyfry_shop_venom
D:7:      layout_rooms, enter_ossuary_5, vehumet_altar_wand_db
D:8:      layout_basic, overflow_temple_1_default, xom_butterflies,
          lemuel_doored_altar, minitemple, special_room [special_room_orc]
D:9:      layout_small_grid, uniq_pikel
Temple:   grunt_temple_mini_profane

Skill      XL: |  1  2  3  4  5  6  7  8  9 |
---------------+----------------------------+-----
Maces & Flails | 3 4 5 6 7 9 11 12 | 12.0
Shields        | 4 |  4.4
Fighting       | 4 |  4.1
Armour         | |  3.2

Action                   |  1- 3 |  4- 6 |  7- 9 || total
-------------------------+-------+-------+-------++-------
Melee: Flail             |   144 |   149 |   329 ||   622
       Whip              |       |       |   323 ||   323
  Use: Scroll            |       |       |    13 ||    13
Armor: Scale mail        |    71 |    84 |   273 ||   428
Dodge: Dodged            |    51 |    42 |   165 ||   258
Block: Kite shield       |    58 |    79 |   242 ||   379

Table legend: (Time is in decaauts)
 A = Elapsed time spent in this place.
 B = Non-inter-level travel time spent in this place.
 C = Inter-level travel time spent in this place.
 D = Time resting spent in this place.
 E = Time spent auto-exploring this place.
 F = Levels seen in this place.
 G = Mean time per level.
                   A        B        C        D        E       F      G
               +--------+--------+--------+--------+--------+-----+--------+
         Total |   6917 |   6616 |    301 |    318 |   4624 |  11 |  628.8 |
       Dungeon |   6238 |   5958 |    280 |    269 |   4151 |   9 |  693.1 |
        Temple |    201 |    180 |     21 |      0 |    179 |   1 |  201.0 |
       Ossuary |    476 |    476 |      0 |     49 |    294 |   1 |  476.0 |
               +--------+--------+--------+--------+--------+-----+--------+

Top non-repeatable levels by time:
     D:3: 1086 daAuts
     D:5: 964 daAuts
     D:1: 839 daAuts
     D:4: 798 daAuts
     D:2: 724 daAuts
     D:8: 644 daAuts
     D:6: 631 daAuts
     D:7: 509 daAuts
 Ossuary: 476 daAuts
  Temple: 201 daAuts
     D:9: 40 daAuts
